Jets vs Oilers

Created - 10 décembre 2020 at 20:23

Goals
1 2 3 OT1 T
Jets 1 0 0 0 1
Oilers 1 0 0 1 2
Shots
1 2 3 OT1 T
Jets 13 6 14 1 34
Oilers 9 13 5 2 29

1st period

1. Oilers , Evander Kane 10 (Ryan Johansen 10, Justin Braun 3) at 8:26
2. Jets , Mika Zibanejad 10 (Bryan Rust 10, Torey Krug 11) at 15:26 (PP)

Penalties :
Bryan Rust (WPG) for Interference (Minor) at 2:08, Jacob Trouba (EDM) for Roughing (Minor) at 13:40

2nd period

No Goal

Penalties :
No Penalty

3rd period

No Goal

Penalties :
Barclay Goodrow (EDM) for Roughing (Minor) at 1:08, Yanni Gourde (EDM) for Hooking (Minor) at 11:09, Kasperi Kapanen (WPG) for Slashing (Minor) at 16:21

Overtime #1

3. Oilers , Jean-Gabriel Pageau 8 (Jacob Trouba 13, Yanni Gourde 6) at 1:18

Penalties :
No Penalty

Goalie Stats

Ben Bishop (WPG), 27 saves from 29 shots - (0,931), OTL, 13-3-2, 61:19 minutes
Robin Lehner (EDM), 33 saves from 34 shots - (0,971), W, 8-3-4, 61:19 minutes

Players Stats for Jets

Player Name              G  A  P  +/- PIM S  H  SB GA TA FO     MP     PP MP  PK MP  
------------------------------------------------------------------------------------
Brandon Saad             0  0  0   0  0   2  1  0  0  0  0/2    14:50   0:12   1:21 
Brock Nelson             0  0  0  -1  0   2  0  0  0  0  9/19   18:52   3:12   0:18 
Bryan Rust               0  1  1   0  2   3  2  0  0  0  0/1    18:36   2:32   0:00 
Carl Soderberg           0  0  0  -1  0   1  1  0  0  0  2/3     7:00   0:00   1:14 
Hampus Lindholm          0  0  0   0  0   1  0  3  0  0  0/0    22:05   3:12   1:44 
Jaccob Slavin            0  0  0  -1  0   3  0  2  0  0  0/0    25:36   2:32   2:11 
Jake Muzzin              0  0  0   0  0   0  0  3  0  0  0/0    22:35   3:12   2:14 
Jakub Vrana              0  0  0   0  0   3  0  0  0  0  4/4    19:11   3:00   0:00 
Jay Bouwmeester          0  0  0  -1  0   1  0  0  0  0  0/0    14:26   0:00   1:47 
Kasperi Kapanen          0  0  0  -1  2   2  2  0  0  0  0/2    19:00   2:32   0:00 
Mats Zuccarello          0  0  0   0  0   1  0  0  0  0  2/2    18:04   3:00   0:00 
Mika Zibanejad           1  0  1   0  0   8  1  0  0  0  14/30  19:44   2:32   0:00 
Mikko Koivu              0  0  0  -1  0   0  0  0  0  0  9/13    8:12   0:00   2:26 
Nick Foligno             0  0  0   0  0   1  1  0  0  0  2/2    13:17   0:00   0:00 
Nick Suzuki              0  0  0   0  0   0  0  0  0  0  7/13   13:35   0:00   0:18 
Patrik Nemeth            0  0  0  -1  0   1  0  0  0  0  0/0    13:49   0:00   0:00 
Tim Schaller             0  0  0  -1  0   1  0  0  0  0  0/0     8:17   0:12   2:19 
Torey Krug               0  1  1   0  0   4  3  2  0  0  0/0    22:48   2:32   0:00 

Players Stats for Oilers

Player Name              G  A  P  +/- PIM S  H  SB GA TA FO     MP     PP MP  PK MP  
------------------------------------------------------------------------------------
Adam Lowry               0  0  0   0  0   3  1  0  0  0  4/12   10:57   0:00   4:15 
Barclay Goodrow          0  0  0   0  2   2  2  0  0  0  1/2    18:30   1:29   2:46 
Brenden Dillon           0  0  0   0  0   1  4  1  0  0  0/0    19:31   0:26   3:13 
Brent Burns              0  0  0   0  0   1  0  2  0  0  0/0    26:37   1:54   2:31 
Evander Kane             1  0  1   1  0   4  4  0  0  0  0/0    21:52   2:29   0:00 
Gustav Nyquist           0  0  0   1  0   1  0  0  0  0  1/1    20:59   2:29   0:00 
Jacob Trouba             0  1  1   1  2   0  7  3  0  0  0/0    24:09   1:54   0:00 
Jason Zucker             0  0  0   0  0   2  0  0  0  0  1/2    16:57   1:29   1:12 
Jean-Gabriel Pageau      1  0  1   1  0   2  1  0  0  0  6/13   11:41   0:00   0:25 
Justin Braun             0  1  1   1  0   1  3  2  0  0  0/0    16:20   0:00   3:13 
Nick Cousins             0  0  0   0  0   2  3  0  0  0  1/2     7:46   0:00   1:04 
Pavel Buchnevich         0  0  0   0  0   1  0  0  0  0  0/1    10:50   0:00   0:00 
Riley Nash               0  0  0   0  0   0  0  1  0  0  1/2     8:28   0:00   1:46 
Ryan Getzlaf             0  0  0   0  0   2  0  0  0  0  13/25  16:45   2:29   0:00 
Ryan Johansen            0  1  1   1  0   3  0  0  0  0  14/31  20:52   1:29   0:00 
Travis Hamonic           0  0  0   0  0   0  1  0  0  0  0/0    18:23   0:00   2:31 
Vladislav Gavrikov       0  0  0   1  0   1  0  0  0  0  0/0    14:14   1:38   0:00 
Yanni Gourde             0  1  1   1  2   3  2  0  0  0  0/0    13:19   2:04   0:00 

3 Stars

1 - Robin Lehner (EDM)
2 - Evander Kane (EDM)
3 - Jacob Trouba (EDM)

Power Play

Jets - 1 on 3 Attempt(s) - 33,33%
Oilers - 0 on 2 Attempt(s) - 0,00%

Penalty Kill

Jets - 2 on 2 Attempt(s) - 100,00% - Score 0 goal in Penalty Kill
Oilers - 2 on 3 Attempt(s) - 66,67% - Score 0 goal in Penalty Kill

Team Stat

Jets - Hits : 11 - Faceoff Wins : 49 - Blocked Shots : 10 - Penalty Minutes : 4
Oilers - Hits : 28 - Faceoff Wins : 42 - Blocked Shots : 9 - Penalty Minutes : 6

Official

Referees : Frederick L'Ecuyer and Kevin Pollock
Linesman : Ryan Gibbons and Colin Gates

Game Notes

Vladislav Gavrikov is injured at 17:45 of 3rd period (Bruised Left Shoulder)

Finance

Level 1 -- Attendance: 6500 (100,00%) -- Ticket Income 793 000 $
Level 2 -- Attendance: 4991 (99,82%) -- Ticket Income 469 154 $
Level 3 -- Attendance: 3031 (86,60%) -- Ticket Income 227 325 $
Level 4 -- Attendance: 839 (100,00%) -- Ticket Income 61 247 $
Luxury Box -- Attendance: 1000 (100,00%) -- Ticket Income 232 000 $
Game was played at the Rexall Place.
Total Attendance: 16361 (97,16%)
Total Ticket Income: 1 782 726 $
Other Income: 873 536 $
Total Income: 2 656 262 $

% Time on Ice - Jets

Lines # - Real PCT - Wanted PCT - Time Play
Normal Forward
1 - 32% - 41% - 16:11
2 - 30% - 30% - 15:04
3 - 26% - 21% - 13:17
4 - 11% - 8% - 5:46
Normal Defense
1 - 38% - 40% - 19:20
2 - 34% - 32% - 17:09
3 - 25% - 23% - 12:39
4 - 2% - 5% - 1:10
PP Forward
1 - 48% - 60% - 2:44
2 - 52% - 40% - 3:00
PP Defense
1 - 44% - 65% - 2:32
2 - 56% - 35% - 3:12
PK Forward
1 - 69% - 60% - 2:44
2 - 31% - 40% - 1:14
PK Defense
1 - 56% - 60% - 2:14
2 - 44% - 40% - 1:44
PK3 Forward
1 - 0% - 60%
2 - 0% - 40%
PK3 Defense
1 - 0% - 60%
2 - 0% - 40%
44 Forward
1 - 0% - 60%
2 - 0% - 40%
44 Defense
1 - 0% - 60%
2 - 0% - 40%
Last Minute Offensive  - 0:00
Last Minute Defensive  - 0:00
Total
Forward - 60:00
Defense - 60:00

% Time on Ice - Oilers

Lines # - Real PCT - Wanted PCT - Time Play
Normal Forward
1 - 37% - 40% - 18:30
2 - 28% - 30% - 14:16
3 - 22% - 20% - 10:50
4 - 13% - 10% - 6:42
Normal Defense
1 - 38% - 40% - 18:52
2 - 32% - 30% - 15:52
3 - 26% - 20% - 13:07
4 - 5% - 10% - 2:27
PP Forward
1 - 63% - 60% - 2:29
2 - 37% - 40% - 1:29
PP Defense
1 - 48% - 60% - 1:54
2 - 52% - 40% - 2:04
PK Forward
1 - 81% - 60% - 4:40
2 - 19% - 40% - 1:04
PK Defense
1 - 56% - 60% - 3:13
2 - 44% - 40% - 2:31
PK3 Forward
1 - 0% - 60%
2 - 0% - 40%
PK3 Defense
1 - 0% - 60%
2 - 0% - 40%
44 Forward
1 - 0% - 60%
2 - 0% - 40%
44 Defense
1 - 0% - 60%
2 - 0% - 40%
Last Minute Offensive  - 0:00
Last Minute Defensive  - 0:00
Total
Forward - 60:00
Defense - 60:00

Play-by-Play

1st period


0:01 of 1st period - Ryan Johansen wins face-off versus Mika Zibanejad in neutral zone.
0:09 of 1st period - Gustav Nyquist is hit by Torey Krug and loses puck.
0:24 of 1st period - Icing by Torey Krug.
0:25 of 1st period - Ryan Getzlaf wins face-off versus Kasperi Kapanen in Jets zone.
0:25 of 1st period - Travis Hamonic is hit by Torey Krug and loses puck.
0:30 of 1st period - Shot by Ryan Getzlaf.
0:30 of 1st period - Shot Hit the Post.
0:32 of 1st period - Shot by Jason Zucker.
0:32 of 1st period - Shot Blocked by Jaccob Slavin.
0:45 of 1st period - Jason Zucker is hit by Kasperi Kapanen and loses puck.
0:56 of 1st period - Shot by Barclay Goodrow.
0:56 of 1st period - Stopped by Ben Bishop without a rebound.
0:57 of 1st period - Jean-Gabriel Pageau wins face-off versus Brock Nelson in Jets zone.
1:00 of 1st period - Shot by Yanni Gourde.
1:00 of 1st period - Shot Blocked by Hampus Lindholm.
1:08 of 1st period - Jean-Gabriel Pageau is hit by Bryan Rust and loses puck.
1:19 of 1st period - Shot by Bryan Rust.
1:19 of 1st period - Stopped by Robin Lehner without a rebound.
1:20 of 1st period - Nick Suzuki wins face-off versus Adam Lowry in Oilers zone.
2:08 of 1st period - Minor Penalty to Bryan Rust for Interference.
2:09 of 1st period - Mikko Koivu wins face-off versus Ryan Getzlaf in Jets zone.
3:34 of 1st period - Shot by Ryan Johansen.
3:34 of 1st period - Shot Misses the Net.
3:36 of 1st period - Shot by Brent Burns.
3:36 of 1st period - Shot Blocked by Jake Muzzin.
3:38 of 1st period - Shot by Brent Burns.
3:38 of 1st period - Shot Misses the Net.
3:40 of 1st period - Shot by Brent Burns.
3:40 of 1st period - Shot Blocked by Jaccob Slavin.
3:51 of 1st period - Icing by Ryan Getzlaf.
3:52 of 1st period - Ryan Getzlaf wins face-off versus Mikko Koivu in Oilers zone.
4:07 of 1st period - Shot by Vladislav Gavrikov.
4:07 of 1st period - Stopped by Ben Bishop without a rebound.
4:08 of 1st period - Brock Nelson wins face-off versus Nick Cousins in Jets zone.
4:08 of 1st period - Brock Nelson is hit by Nick Cousins.
4:23 of 1st period - Shot by Brenden Dillon.
4:23 of 1st period - Shot Misses the Net.
4:25 of 1st period - Shot by Adam Lowry.
4:25 of 1st period - Stopped by Ben Bishop without a rebound.
4:26 of 1st period - Ryan Getzlaf wins face-off versus Mika Zibanejad in Jets zone.
4:31 of 1st period - Shot by Barclay Goodrow.
4:31 of 1st period - Shot Misses the Net.
4:40 of 1st period - Barclay Goodrow is hit by Torey Krug and loses puck.
5:29 of 1st period - Brenden Dillon is hit by Bryan Rust and loses puck.
5:42 of 1st period - Shot by Bryan Rust.
5:42 of 1st period - Shot Misses the Net.
6:27 of 1st period - Shot by Jean-Gabriel Pageau.
6:27 of 1st period - Shot Blocked by Jake Muzzin.
6:34 of 1st period - Shot by Pavel Buchnevich.
6:34 of 1st period - Shot Misses the Net.
7:21 of 1st period - Shot by Jacob Trouba.
7:21 of 1st period - Shot Blocked by Jake Muzzin.
7:36 of 1st period - Icing by Travis Hamonic.
7:37 of 1st period - Ryan Getzlaf wins face-off versus Mika Zibanejad in Oilers zone.
7:49 of 1st period - Jaccob Slavin is hit by Barclay Goodrow and loses puck.
7:58 of 1st period - Shot by Jakub Vrana.
7:58 of 1st period - Stopped by Robin Lehner without a rebound.
7:59 of 1st period - Mikko Koivu wins face-off versus Ryan Johansen in Oilers zone.
8:26 of 1st period - Shot by Evander Kane.
8:26 of 1st period - Goal by Evander Kane - Jets : 0 - Oilers : 1.
8:27 of 1st period - Jean-Gabriel Pageau wins face-off versus Mika Zibanejad in neutral zone.
8:27 of 1st period - Jacob Trouba is hit by Kasperi Kapanen and loses puck.
8:36 of 1st period - Shot by Kasperi Kapanen.
8:36 of 1st period - Shot Misses the Net.
8:40 of 1st period - Shot by Jakub Vrana.
8:40 of 1st period - Shot Misses the Net.
8:42 of 1st period - Shot by Torey Krug.
8:42 of 1st period - Shot Misses the Net.
8:50 of 1st period - Shot by Mika Zibanejad.
8:50 of 1st period - Stopped by Robin Lehner without a rebound.
8:51 of 1st period - Ryan Johansen wins face-off versus Brock Nelson in Oilers zone.
8:53 of 1st period - Icing by Gustav Nyquist.
8:54 of 1st period - Brock Nelson wins face-off versus Ryan Johansen in Oilers zone.
8:59 of 1st period - Shot by Brock Nelson.
8:59 of 1st period - Stopped by Robin Lehner without a rebound.
9:00 of 1st period - Jakub Vrana wins face-off versus Ryan Johansen in Oilers zone.
9:21 of 1st period - Shot by Kasperi Kapanen.
9:21 of 1st period - Shot Blocked by Brent Burns.
9:33 of 1st period - Shot by Mika Zibanejad.
9:33 of 1st period - Shot Misses the Net.
9:35 of 1st period - Shot by Torey Krug.
9:35 of 1st period - Stopped by Robin Lehner without a rebound.
9:36 of 1st period - Ryan Getzlaf wins face-off versus Brock Nelson in Oilers zone.
9:53 of 1st period - Shot by Jason Zucker.
9:53 of 1st period - Shot Misses the Net.
10:11 of 1st period - Shot by Barclay Goodrow.
10:11 of 1st period - Shot Misses the Net.
10:16 of 1st period - Icing by Hampus Lindholm.
10:17 of 1st period - Ryan Johansen wins face-off versus Brock Nelson in Jets zone.
12:22 of 1st period - Barclay Goodrow is hit by Carl Soderberg and loses puck.
12:36 of 1st period - Bryan Rust is hit by Brenden Dillon.
12:44 of 1st period - Shot by Bryan Rust.
12:44 of 1st period - Stopped by Robin Lehner without a rebound.
12:45 of 1st period - Ryan Johansen wins face-off versus Brandon Saad in Oilers zone.
12:53 of 1st period - Icing by Jaccob Slavin.
12:54 of 1st period - Ryan Johansen wins face-off versus Nick Suzuki in Jets zone.
12:55 of 1st period - Shot by Evander Kane.
12:55 of 1st period - Stopped by Ben Bishop without a rebound.
12:56 of 1st period - Ryan Johansen wins face-off versus Mika Zibanejad in Jets zone.
12:59 of 1st period - Shot by Evander Kane.
12:59 of 1st period - Shot Misses the Net.
13:05 of 1st period - Shot by Ryan Johansen.
13:05 of 1st period - Stopped by Ben Bishop without a rebound.
13:06 of 1st period - Ryan Getzlaf wins face-off versus Brock Nelson in Jets zone.
13:40 of 1st period - Minor Penalty to Jacob Trouba for Roughing.
13:41 of 1st period - Mika Zibanejad wins face-off versus Adam Lowry in Oilers zone.
13:42 of 1st period - Shot by Torey Krug.
13:42 of 1st period - Stopped by Robin Lehner without a rebound.
13:43 of 1st period - Mika Zibanejad wins face-off versus Barclay Goodrow in Oilers zone.
14:06 of 1st period - Shot by Mika Zibanejad.
14:06 of 1st period - Shot Blocked by Brenden Dillon.
14:08 of 1st period - Shot by Jaccob Slavin.
14:08 of 1st period - Stopped by Robin Lehner without a rebound.
14:09 of 1st period - Jakub Vrana wins face-off versus Adam Lowry in Oilers zone.
14:37 of 1st period - Icing by Hampus Lindholm.
14:38 of 1st period - Riley Nash wins face-off versus Brock Nelson in Jets zone.
14:44 of 1st period - Icing by Jake Muzzin.
14:45 of 1st period - Brock Nelson wins face-off versus Riley Nash in Jets zone.
14:50 of 1st period - Shot by Mats Zuccarello.
14:50 of 1st period - Shot Hit the Post.
14:54 of 1st period - Shot by Hampus Lindholm.
14:54 of 1st period - Stopped by Robin Lehner without a rebound.
14:55 of 1st period - Adam Lowry wins face-off versus Mika Zibanejad in Oilers zone.
15:06 of 1st period - Shot by Kasperi Kapanen.
15:06 of 1st period - Shot Misses the Net.
15:20 of 1st period - Shot by Jaccob Slavin.
15:20 of 1st period - Shot Misses the Net.
15:26 of 1st period - Shot by Bryan Rust.
15:26 of 1st period - Deflect By Mika Zibanejad.
15:26 of 1st period - Goal by Mika Zibanejad - Jets : 1 - Oilers : 1.
15:27 of 1st period - Nick Foligno wins face-off versus Ryan Johansen in neutral zone.
15:27 of 1st period - Nick Foligno is hit by Evander Kane.
15:53 of 1st period - Shot by Evander Kane.
15:53 of 1st period - Deflect By Ryan Johansen.
15:53 of 1st period - Stopped by Ben Bishop without a rebound.
15:54 of 1st period - Jean-Gabriel Pageau wins face-off versus Bryan Rust in Jets zone.
16:37 of 1st period - Icing by Jean-Gabriel Pageau.
16:38 of 1st period - Mika Zibanejad wins face-off versus Jean-Gabriel Pageau in Oilers zone.
16:38 of 1st period - Mika Zibanejad is hit by Jacob Trouba.
17:17 of 1st period - Shot by Jakub Vrana.
17:17 of 1st period - Shot Misses the Net.
17:19 of 1st period - Shot by Mika Zibanejad.
17:19 of 1st period - Shot Misses the Net.
17:52 of 1st period - Shot by Patrik Nemeth.
17:52 of 1st period - Stopped by Robin Lehner with a rebound.
17:54 of 1st period - Shot by Nick Suzuki.
17:54 of 1st period - Shot Misses the Net.
18:32 of 1st period - Shot by Brock Nelson.
18:32 of 1st period - Stopped by Robin Lehner without a rebound.
18:33 of 1st period - Mikko Koivu wins face-off versus Adam Lowry in Oilers zone.
18:36 of 1st period - Shot by Carl Soderberg.
18:36 of 1st period - Shot Misses the Net.
18:38 of 1st period - Shot by Tim Schaller.
18:38 of 1st period - Stopped by Robin Lehner without a rebound.
18:39 of 1st period - Ryan Getzlaf wins face-off versus Mika Zibanejad in Oilers zone.
18:48 of 1st period - Shot by Jason Zucker.
18:48 of 1st period - Shot Misses the Net.
18:50 of 1st period - Shot by Jason Zucker.
18:50 of 1st period - Stopped by Ben Bishop without a rebound.
18:51 of 1st period - Jean-Gabriel Pageau wins face-off versus Brock Nelson in Jets zone.
18:58 of 1st period - Shot by Pavel Buchnevich.
18:58 of 1st period - Stopped by Ben Bishop with a rebound.
19:51 of 1st period - Jake Muzzin is hit by Jean-Gabriel Pageau and loses puck.
Goals for this period are 1 for Jets vs 1 for Oilers.
Shots for this period are 13 for Jets vs 9 for Oilers.

2nd period


0:01 of 2nd period - Ryan Johansen wins face-off versus Mika Zibanejad in neutral zone.
0:20 of 2nd period - Shot by Mika Zibanejad.
0:20 of 2nd period - Stopped by Robin Lehner without a rebound.
0:21 of 2nd period - Barclay Goodrow wins face-off versus Nick Suzuki in Oilers zone.
0:23 of 2nd period - Icing by Ryan Getzlaf.
0:24 of 2nd period - Nick Suzuki wins face-off versus Ryan Getzlaf in Oilers zone.
0:31 of 2nd period - Shot by Brandon Saad.
0:31 of 2nd period - Stopped by Robin Lehner without a rebound.
0:32 of 2nd period - Ryan Johansen wins face-off versus Mika Zibanejad in Oilers zone.
0:37 of 2nd period - Kasperi Kapanen is hit by Evander Kane and loses puck.
0:47 of 2nd period - Off-side.
0:48 of 2nd period - Nick Suzuki wins face-off versus Ryan Getzlaf in neutral zone.
0:57 of 2nd period - Shot by Brandon Saad.
0:57 of 2nd period - Shot Misses the Net.
1:21 of 2nd period - Shot by Ryan Getzlaf.
1:21 of 2nd period - Stopped by Ben Bishop without a rebound.
1:22 of 2nd period - Ryan Johansen wins face-off versus Mika Zibanejad in Jets zone.
1:33 of 2nd period - Shot by Evander Kane.
1:33 of 2nd period - Shot Blocked by Torey Krug.
4:01 of 2nd period - Travis Hamonic is hit by Nick Foligno and loses puck.
4:09 of 2nd period - Icing by Travis Hamonic.
4:10 of 2nd period - Ryan Getzlaf wins face-off versus Mikko Koivu in Oilers zone.
4:35 of 2nd period - Shot by Gustav Nyquist.
4:35 of 2nd period - Stopped by Ben Bishop without a rebound.
4:36 of 2nd period - Mika Zibanejad wins face-off versus Jean-Gabriel Pageau in Jets zone.
4:38 of 2nd period - Jakub Vrana is hit by Yanni Gourde and loses puck.
4:51 of 2nd period - Shot by Kasperi Kapanen.
4:51 of 2nd period - Shot Misses the Net.
4:53 of 2nd period - Shot by Mika Zibanejad.
4:53 of 2nd period - Stopped by Robin Lehner without a rebound.
4:54 of 2nd period - Brock Nelson wins face-off versus Ryan Johansen in Oilers zone.
4:58 of 2nd period - Brock Nelson is hit by Jacob Trouba and loses puck.
5:36 of 2nd period - Shot by Evander Kane.
5:36 of 2nd period - Shot Misses the Net.
6:46 of 2nd period - Shot by Ryan Getzlaf.
6:46 of 2nd period - Shot Misses the Net.
6:50 of 2nd period - Shot by Ryan Getzlaf.
6:50 of 2nd period - Stopped by Ben Bishop with a rebound.
7:12 of 2nd period - Jaccob Slavin is hit by Jacob Trouba and loses puck.
7:31 of 2nd period - Shot by Nick Cousins.
7:31 of 2nd period - Stopped by Ben Bishop with a rebound.
8:36 of 2nd period - Shot by Mika Zibanejad.
8:36 of 2nd period - Shot Misses the Net.
8:59 of 2nd period - Icing by Patrik Nemeth.
9:00 of 2nd period - Ryan Getzlaf wins face-off versus Nick Suzuki in Jets zone.
10:38 of 2nd period - Shot by Adam Lowry.
10:38 of 2nd period - Stopped by Ben Bishop without a rebound.
10:39 of 2nd period - Adam Lowry wins face-off versus Mika Zibanejad in Jets zone.
11:05 of 2nd period - Kasperi Kapanen is hit by Justin Braun and loses puck.
11:08 of 2nd period - Shot by Jakub Vrana.
11:08 of 2nd period - Shot Misses the Net.
11:10 of 2nd period - Shot by Jakub Vrana.
11:10 of 2nd period - Stopped by Robin Lehner without a rebound.
11:11 of 2nd period - Nick Suzuki wins face-off versus Ryan Johansen in Oilers zone.
11:37 of 2nd period - Shot by Ryan Johansen.
11:37 of 2nd period - Shot Misses the Net.
11:39 of 2nd period - Shot by Evander Kane.
11:39 of 2nd period - Shot Misses the Net.
11:41 of 2nd period - Shot by Brenden Dillon.
11:41 of 2nd period - Shot Misses the Net.
11:43 of 2nd period - Shot by Evander Kane.
11:43 of 2nd period - Shot Misses the Net.
11:50 of 2nd period - Icing by Jake Muzzin.
11:51 of 2nd period - Jason Zucker wins face-off versus Nick Suzuki in Jets zone.
12:02 of 2nd period - Shot by Barclay Goodrow.
12:02 of 2nd period - Shot Blocked by Hampus Lindholm.
12:04 of 2nd period - Shot by Barclay Goodrow.
12:04 of 2nd period - Stopped by Ben Bishop with a rebound.
12:06 of 2nd period - Shot by Jacob Trouba.
12:06 of 2nd period - Shot Misses the Net.
12:08 of 2nd period - Shot by Brent Burns.
12:08 of 2nd period - Shot Misses the Net.
12:10 of 2nd period - Shot by Jacob Trouba.
12:10 of 2nd period - Shot Misses the Net.
12:12 of 2nd period - Shot by Brent Burns.
12:12 of 2nd period - Stopped by Ben Bishop without a rebound.
12:13 of 2nd period - Mika Zibanejad wins face-off versus Pavel Buchnevich in Jets zone.
12:18 of 2nd period - Shot by Jean-Gabriel Pageau.
12:18 of 2nd period - Stopped by Ben Bishop without a rebound.
12:19 of 2nd period - Mika Zibanejad wins face-off versus Jean-Gabriel Pageau in Jets zone.
12:33 of 2nd period - Icing by Brent Burns.
12:34 of 2nd period - Mikko Koivu wins face-off versus Jean-Gabriel Pageau in Oilers zone.
13:42 of 2nd period - Shot by Mika Zibanejad.
13:42 of 2nd period - Shot Misses the Net.
13:44 of 2nd period - Shot by Mika Zibanejad.
13:44 of 2nd period - Stopped by Robin Lehner without a rebound.
13:45 of 2nd period - Brock Nelson wins face-off versus Jason Zucker in Oilers zone.
13:57 of 2nd period - Brock Nelson is hit by Justin Braun and loses puck.
14:10 of 2nd period - Shot by Bryan Rust.
14:10 of 2nd period - Shot Misses the Net.
15:38 of 2nd period - Shot by Adam Lowry.
15:38 of 2nd period - Stopped by Ben Bishop without a rebound.
15:39 of 2nd period - Jean-Gabriel Pageau wins face-off versus Nick Suzuki in Jets zone.
15:59 of 2nd period - Icing by Jake Muzzin.
16:00 of 2nd period - Ryan Getzlaf wins face-off versus Brandon Saad in Jets zone.
16:17 of 2nd period - Shot by Brandon Saad.
16:17 of 2nd period - Shot Blocked by Jacob Trouba.
16:22 of 2nd period - Off-side.
16:23 of 2nd period - Mats Zuccarello wins face-off versus Ryan Johansen in neutral zone.
16:25 of 2nd period - Off-side.
16:26 of 2nd period - Brock Nelson wins face-off versus Ryan Johansen in neutral zone.
16:30 of 2nd period - Jaccob Slavin is hit by Travis Hamonic and loses puck.
16:44 of 2nd period - Off-side.
16:45 of 2nd period - Mika Zibanejad wins face-off versus Ryan Getzlaf in neutral zone.
17:00 of 2nd period - Kasperi Kapanen is hit by Barclay Goodrow and loses puck.
17:15 of 2nd period - Shot by Barclay Goodrow.
17:15 of 2nd period - Shot Misses the Net.
17:54 of 2nd period - Shot by Mats Zuccarello.
17:54 of 2nd period - Shot Misses the Net.
18:11 of 2nd period - Shot by Ryan Johansen.
18:11 of 2nd period - Stopped by Ben Bishop without a rebound.
18:12 of 2nd period - Nick Suzuki wins face-off versus Jean-Gabriel Pageau in Jets zone.
18:12 of 2nd period - Nick Suzuki is hit by Yanni Gourde.
18:26 of 2nd period - Shot by Yanni Gourde.
18:26 of 2nd period - Stopped by Ben Bishop without a rebound.
18:27 of 2nd period - Carl Soderberg wins face-off versus Adam Lowry in Jets zone.
18:27 of 2nd period - Carl Soderberg is hit by Nick Cousins.
18:45 of 2nd period - Shot by Nick Cousins.
18:45 of 2nd period - Stopped by Ben Bishop without a rebound.
18:46 of 2nd period - Ryan Johansen wins face-off versus Kasperi Kapanen in Jets zone.
18:51 of 2nd period - Shot by Evander Kane.
18:51 of 2nd period - Stopped by Ben Bishop without a rebound.
18:52 of 2nd period - Mika Zibanejad wins face-off versus Ryan Johansen in Jets zone.
19:21 of 2nd period - Shot by Mika Zibanejad.
19:21 of 2nd period - Stopped by Robin Lehner without a rebound.
19:22 of 2nd period - Ryan Getzlaf wins face-off versus Nick Suzuki in Oilers zone.
19:56 of 2nd period - Nick Suzuki is hit by Brenden Dillon and loses puck.
Goals for this period are 0 for Jets vs 0 for Oilers.
Shots for this period are 6 for Jets vs 13 for Oilers.

3rd period


0:01 of 3rd period - Mika Zibanejad wins face-off versus Ryan Johansen in neutral zone.
0:06 of 3rd period - Shot by Jakub Vrana.
0:06 of 3rd period - Shot Blocked by Jacob Trouba.
0:08 of 3rd period - Shot by Jaccob Slavin.
0:08 of 3rd period - Stopped by Robin Lehner without a rebound.
0:09 of 3rd period - Mika Zibanejad wins face-off versus Ryan Johansen in Oilers zone.
1:08 of 3rd period - Minor Penalty to Barclay Goodrow for Roughing.
1:09 of 3rd period - Adam Lowry wins face-off versus Brock Nelson in Oilers zone.
1:15 of 3rd period - Icing by Hampus Lindholm.
1:16 of 3rd period - Brock Nelson wins face-off versus Adam Lowry in Jets zone.
1:44 of 3rd period - Shot by Hampus Lindholm.
1:44 of 3rd period - Deflect By Mats Zuccarello.
1:44 of 3rd period - Stopped by Robin Lehner with a rebound.
2:37 of 3rd period - Shot by Mika Zibanejad.
2:37 of 3rd period - Shot Blocked by Justin Braun.
2:41 of 3rd period - Shot by Torey Krug.
2:41 of 3rd period - Shot Misses the Net.
2:43 of 3rd period - Shot by Mika Zibanejad.
2:43 of 3rd period - Shot Misses the Net.
2:48 of 3rd period - Mika Zibanejad is hit by Brenden Dillon and loses puck.
3:34 of 3rd period - Brandon Saad is hit by Jacob Trouba.
3:52 of 3rd period - Icing by Brent Burns.
3:53 of 3rd period - Mikko Koivu wins face-off versus Ryan Johansen in Oilers zone.
4:07 of 3rd period - Mikko Koivu is hit by Jacob Trouba and loses puck.
4:20 of 3rd period - Off-side.
4:21 of 3rd period - Brock Nelson wins face-off versus Jean-Gabriel Pageau in neutral zone.
5:15 of 3rd period - Shot by Kasperi Kapanen.
5:15 of 3rd period - Stopped by Robin Lehner without a rebound.
5:16 of 3rd period - Jakub Vrana wins face-off versus Ryan Getzlaf in Oilers zone.
5:17 of 3rd period - Shot by Mika Zibanejad.
5:17 of 3rd period - Stopped by Robin Lehner without a rebound.
5:18 of 3rd period - Ryan Getzlaf wins face-off versus Mika Zibanejad in Oilers zone.
5:27 of 3rd period - Shot by Jason Zucker.
5:27 of 3rd period - Stopped by Ben Bishop without a rebound.
5:28 of 3rd period - Nick Foligno wins face-off versus Ryan Johansen in Jets zone.
6:31 of 3rd period - Shot by Mika Zibanejad.
6:31 of 3rd period - Stopped by Robin Lehner without a rebound.
6:32 of 3rd period - Brock Nelson wins face-off versus Ryan Getzlaf in Oilers zone.
6:35 of 3rd period - Shot by Mats Zuccarello.
6:35 of 3rd period - Shot Blocked by Jacob Trouba.
7:07 of 3rd period - Icing by Jacob Trouba.
7:08 of 3rd period - Ryan Getzlaf wins face-off versus Mika Zibanejad in Oilers zone.
7:21 of 3rd period - Shot by Mika Zibanejad.
7:21 of 3rd period - Shot Misses the Net.
7:24 of 3rd period - Icing by Brent Burns.
7:25 of 3rd period - Nick Suzuki wins face-off versus Ryan Getzlaf in Oilers zone.
7:36 of 3rd period - Shot by Torey Krug.
7:36 of 3rd period - Stopped by Robin Lehner without a rebound.
7:37 of 3rd period - Mika Zibanejad wins face-off versus Ryan Johansen in Oilers zone.
8:39 of 3rd period - Shot by Yanni Gourde.
8:39 of 3rd period - Shot Blocked by Hampus Lindholm.
8:41 of 3rd period - Shot by Justin Braun.
8:41 of 3rd period - Stopped by Ben Bishop without a rebound.
8:42 of 3rd period - Nick Cousins wins face-off versus Brock Nelson in Jets zone.
9:03 of 3rd period - Shot by Bryan Rust.
9:03 of 3rd period - Shot Blocked by Riley Nash.
10:10 of 3rd period - Shot by Nick Foligno.
10:10 of 3rd period - Stopped by Robin Lehner without a rebound.
10:11 of 3rd period - Mikko Koivu wins face-off versus Ryan Johansen in Oilers zone.
10:11 of 3rd period - Mikko Koivu is hit by Brenden Dillon.
10:29 of 3rd period - Shot by Mikko Koivu.
10:29 of 3rd period - Shot Misses the Net.
10:41 of 3rd period - Shot by Carl Soderberg.
10:41 of 3rd period - Stopped by Robin Lehner without a rebound.
10:42 of 3rd period - Jean-Gabriel Pageau wins face-off versus Mika Zibanejad in Oilers zone.
10:44 of 3rd period - Icing by Jacob Trouba.
10:45 of 3rd period - Mika Zibanejad wins face-off versus Jean-Gabriel Pageau in Oilers zone.
11:09 of 3rd period - Minor Penalty to Yanni Gourde for Hooking.
11:10 of 3rd period - Mats Zuccarello wins face-off versus Adam Lowry in Oilers zone.
11:39 of 3rd period - Shot by Jakub Vrana.
11:39 of 3rd period - Stopped by Robin Lehner without a rebound.
11:40 of 3rd period - Mika Zibanejad wins face-off versus Adam Lowry in Oilers zone.
12:01 of 3rd period - Shot by Torey Krug.
12:01 of 3rd period - Stopped by Robin Lehner with a rebound.
12:03 of 3rd period - Shot by Jaccob Slavin.
12:03 of 3rd period - Stopped by Robin Lehner with a rebound.
12:05 of 3rd period - Shot by Jaccob Slavin.
12:05 of 3rd period - Shot Blocked by Brent Burns.
12:07 of 3rd period - Shot by Torey Krug.
12:07 of 3rd period - Shot Misses the Net.
12:09 of 3rd period - Shot by Bryan Rust.
12:09 of 3rd period - Shot Misses the Net.
12:43 of 3rd period - Shot by Mats Zuccarello.
12:43 of 3rd period - Deflect By Jakub Vrana.
12:43 of 3rd period - Shot Blocked by Justin Braun.
13:00 of 3rd period - Jake Muzzin is hit by Nick Cousins and loses puck.
13:17 of 3rd period - Shot by Brandon Saad.
13:17 of 3rd period - Stopped by Robin Lehner without a rebound.
13:18 of 3rd period - Gustav Nyquist wins face-off versus Mikko Koivu in Oilers zone.
13:23 of 3rd period - Jay Bouwmeester is hit by Evander Kane and loses puck.
13:55 of 3rd period - Shot by Tim Schaller.
13:55 of 3rd period - Shot Misses the Net.
15:47 of 3rd period - Off-side.
15:48 of 3rd period - Adam Lowry wins face-off versus Mika Zibanejad in neutral zone.
15:59 of 3rd period - Hampus Lindholm is hit by Adam Lowry and loses puck.
16:20 of 3rd period - Adam Lowry is hit by Mika Zibanejad and loses puck.
16:21 of 3rd period - Minor Penalty to Kasperi Kapanen for Slashing.
16:22 of 3rd period - Mikko Koivu wins face-off versus Ryan Getzlaf in Jets zone.
16:22 of 3rd period - Mikko Koivu is hit by Evander Kane.
16:43 of 3rd period - Icing by Jacob Trouba.
16:44 of 3rd period - Mikko Koivu wins face-off versus Ryan Getzlaf in Oilers zone.
17:38 of 3rd period - Shot by Yanni Gourde.
17:38 of 3rd period - Stopped by Ben Bishop without a rebound.
17:39 of 3rd period - Mikko Koivu wins face-off versus Ryan Johansen in Jets zone.
17:44 of 3rd period - Vladislav Gavrikov is hit by Brandon Saad and loses puck.
17:45 of 3rd period - Vladislav Gavrikov from Oilers is injured at 17:45 of 3rd period (Bruised Left Shoulder).
17:46 of 3rd period - Ryan Johansen wins face-off versus Mikko Koivu in Oilers zone.
18:08 of 3rd period - Shot by Yanni Gourde.
18:08 of 3rd period - Stopped by Ben Bishop without a rebound.
18:09 of 3rd period - Carl Soderberg wins face-off versus Ryan Getzlaf in Jets zone.
18:17 of 3rd period - Off-side.
18:18 of 3rd period - Ryan Johansen wins face-off versus Carl Soderberg in neutral zone.
18:46 of 3rd period - Mika Zibanejad is hit by Justin Braun and loses puck.
18:49 of 3rd period - Shot by Kasperi Kapanen.
18:49 of 3rd period - Stopped by Robin Lehner with a rebound.
18:51 of 3rd period - Shot by Jay Bouwmeester.
18:51 of 3rd period - Stopped by Robin Lehner without a rebound.
18:52 of 3rd period - Ryan Johansen wins face-off versus Brock Nelson in Oilers zone.
19:13 of 3rd period - Shot by Travis Hamonic.
19:13 of 3rd period - Shot Misses the Net.
19:15 of 3rd period - Shot by Evander Kane.
19:15 of 3rd period - Shot Misses the Net.
19:17 of 3rd period - Shot by Brenden Dillon.
19:17 of 3rd period - Stopped by Ben Bishop without a rebound.
19:18 of 3rd period - Nick Suzuki wins face-off versus Ryan Getzlaf in Jets zone.
19:40 of 3rd period - Icing by Brent Burns.
19:41 of 3rd period - Jakub Vrana wins face-off versus Ryan Getzlaf in Oilers zone.
19:41 of 3rd period - Jakub Vrana is hit by Jacob Trouba.
19:46 of 3rd period - Mika Zibanejad is hit by Jacob Trouba.
Goals for this period are 0 for Jets vs 0 for Oilers.
Shots for this period are 14 for Jets vs 5 for Oilers.

Overtime #1


0:01 of 1st overtime period - Ryan Johansen wins face-off versus Mika Zibanejad in neutral zone.
0:04 of 1st overtime period - Shot by Evander Kane.
0:04 of 1st overtime period - Stopped by Ben Bishop without a rebound.
0:05 of 1st overtime period - Mika Zibanejad wins face-off versus Ryan Johansen in Jets zone.
0:10 of 1st overtime period - Shot by Bryan Rust.
0:10 of 1st overtime period - Stopped by Robin Lehner with a rebound.
0:20 of 1st overtime period - Shot by Mika Zibanejad.
0:20 of 1st overtime period - Shot Misses the Net.
0:28 of 1st overtime period - Shot by Ryan Johansen.
0:28 of 1st overtime period - Shot Blocked by Torey Krug.
1:18 of 1st overtime period - Shot by Jean-Gabriel Pageau.
1:18 of 1st overtime period - Goal by Jean-Gabriel Pageau - Jets : 1 - Oilers : 2.
Goals for this period are 0 for Jets vs 1 for Oilers.
Shots for this period are 1 for Jets vs 2 for Oilers.